 Dungeon Crawl Stone Soup version 0.27.1-4-g1640c2035a (webtiles) character file.

Game seed: 15621385889725324974

2 ABBCCCDDDD the Sneak (level 1, 0/20 HPs)
             Began as a Hill Orc Delver on Nov 2, 2021.
             Slain by an adder (1 damage)
             ... on level 4 of the Dungeon.
             The game lasted 00:01:11 (230 turns).

ABBCCCDDDD the Sneak (Hill Orc Delver)               Turns: 230, Time: 00:01:11

Health: 0/20       AC:  3    Str: 14    XL:     1   Next: 40%
Magic:  1/1        EV: 11    Int: 10    God:
Gold:   15         SH:  0    Dex: 12    Spells: 0/0 levels left

rFire    . . .     SeeInvis .   a - +0 hand axe
rCold    . . .     Faith    .   (no shield)
rNeg     . . .     Spirit   .   b - +0 leather armour
rPois    .         Reflect  .   (no helmet)
rElec    .         Harm     .   (no cloak)
rCorr    .         Rampage  .   (no gloves)
Will     .....                  (no boots)
Stlth    ++........             (no amulet)
HPRegen  0.06/turn              (no ring)
MPRegen  0.07/turn              (no ring)

@: lethally poisoned (0 -> -5)
A: no striking features
a: no special abilities


You were on level 4 of the Dungeon.
You visited 1 branch of the dungeon, and saw 4 of its levels.

You collected 15 gold pieces.

Inventory:

Hand Weapons
 a - a +0 hand axe (weapon)
Armour
 b - a +0 leather armour (worn)
Wands
 g - a wand of digging (3)
Scrolls
 c - a scroll of fog
 d - a scroll of amnesia {unknown}
 e - a scroll of fear
 h - a scroll of identify {unknown}
Potions
 f - a potion of haste


   Skills:
 + Level 3.7 Fighting
 * Level 3.0 Axes
 - Level 1.5 Dodging
 - Level 4.1 Stealth


You couldn't memorise any spells.
You didn't know any spells.
Your spell library was empty.

Dungeon Overview and Level Annotations

Branches:
Dungeon (7/15)             Temple (0/1) D:4

Altars:
Gozag

Portals:
Sewer: D:4


Message History

The ball python constricts you.
You closely miss the ball python.
The ball python bites you but does no damage.
The ball python constricts you. The ball python barely misses you.
The ball python constricts you.
You slash the ball python!
You kill the ball python!
Your Axes skill increases to level 3!
You start resting.
You hear the slow rusting of a drain very nearby.
Found a scroll labelled PIPUSA ZONLIC.
d - a scroll labelled PIPUSA ZONLIC
Found a stone staircase leading down.
You start resting.
You hear the slow rusting of a drain very nearby.
An adder comes into view.
The adder hisses angrily.
You enter the shallow water.
Moving in this stuff is going to be slow.
Found a glowing drain.
The adder bites you.
You are poisoned.
The adder poisons you!
You feel sick. The adder bites you but does no damage.
You closely miss the adder.
You feel sick. The adder bites you.
You closely miss the adder.
You feel sick. The adder bites you.
You closely miss the adder.
You feel sick.
The adder bites you but does no damage. x2
You hit the adder.
The adder is moderately wounded.
You feel sick.
You are no longer poisoned.
The adder bites you.
* * * LOW HITPOINT WARNING * * *
You are lethally poisoned!
The adder poisons you! The adder bites you but does no damage.
You hit the adder.
The adder is severely wounded.
* * * LOW HITPOINT WARNING * * *
You feel sick. The adder bites you.
You die...

*,* #..............## #....
**,* *#.......####...#
*#.... ,,,*****#..#..####
#...#* #...##
**,,,,,,,,*##..#
##...#*#...# *,*****,**
#..## #...##....# *** *,*
##..# ##...#....# *,* ##..##
*.......,* **,*
#....##########..h,*#
**,,***#...@S≈≈≈≈≈≈∩≈*....##
*,**,*#....#########**......
*****#...#.# *,,,,#....
#.###># **,**#.... #.* ###
**,...... #** **######


You could see an adder.

Levels and vault maps discovered:
D:4:      layout_layer_cave, evilmike_ruin_ashenzari,
          mainiacjoe_overflow_surrounded_room, minmay_temple_entry_wispy,
          portal_sewer_entry_d
D:5:      layout_loops_ring
D:6:      layout_loops_corners, enter_ossuary_4, minmay_manual_mess
D:7:      layout_gridville, minmay_misc_feat_rugged, chequers_avenue,
          minmay_between

Notes
Turn   | Place    | Note
-------+----------+-------------------------------------------
     0 | D:5      | ABBCCCDDDD the Hill Orc Delver began the quest for the Orb.
     0 | D:5      | Reached XP level 1. HP: 19/19 MP: 1/1
    25 | D:4      | Found an opulent altar of Gozag.
    38 | D:4      | Noticed a black bear
    76 | D:4      | You fall into a shaft and drop 3 floors!
   152 | D:4      | Noticed a hound
   224 | D:4      | Found a glowing drain.
   230 | D:4      | HP: 1/20 [poisoned by an adder]
   230 | D:4      | Slain by an adder

Table legend: (Time is in decaauts)
 A = Elapsed time spent in this place.
 B = Non-inter-level travel time spent in this place.
 C = Inter-level travel time spent in this place.
 D = Time resting spent in this place.
 E = Time spent auto-exploring this place.
 F = Levels seen in this place.
 G = Mean time per level.
                   A        B        C        D        E       F      G
               +--------+--------+--------+--------+--------+-----+--------+
         Total |    232 |    225 |      7 |     27 |     15 |   4 |   58.0 |
       Dungeon |    232 |    225 |      7 |     27 |     15 |   4 |   58.0 |
               +--------+--------+--------+--------+--------+-----+--------+

Top non-repeatable levels by time:
     D:4: 172 daAuts
     D:5: 45 daAuts
     D:6: 10 daAuts
     D:7: 3 daAuts

Table legend:
 A = Kills in this place as a percentage of kills in entire the game.
 B = Kills by you in this place as a percentage of kills by you in the entire game.
 C = Kills by friends in this place as a percentage of kills by friends in the entire game.
 D = Other kills in this place as a percentage of other kills in the entire game.
 E = Experience gained in this place as a percentage of experience gained in the entire game.
 F = Experience gained in this place divided by the number of levels of this place that you have seen.
                   A       B       C       D       E      F
               +-------+-------+-------+-------+-------+----------------------
         Total | 100.0 | 100.0 |   N/A |   N/A | 100.0 |   1.0
       Dungeon | 100.0 | 100.0 |   N/A |   N/A | 100.0 |   1.0
               +-------+-------+-------+-------+-------+----------------------

Action                   || total
-------------------------++-------
Melee: Hand axe          ||    11
  Use: Scroll            ||     1
 Stab: Sleeping          ||     1
Armor: Leather armour    ||     6
Dodge: Dodged            ||     3

Vanquished Creatures
  A ball python (D:4)
  A giant cockroach (D:4)
2 creatures vanquished.
